AoeStats
← simirfan

Oasis

509693065Analyzed
3v3 RM · 20d ago on Sep 27, 2026· 32m 37s· 6 players
Game mode
Random Map
Map size
Normal (6 player)
Population
200
Speed
Normal
Resources
Standard
Victory
Conquest
Starting age
Dark Age
Ending age
Imperial Age
RankedLock teamsTeams togetherTeam positionsShared explorationLock speedFull tech treeHidden civsTurbo modeCheats
Victory
Defeat
🇦🇷 Mongols · Argentina
1290
+13
🇦🇷 Burgundians · Argentina
1264
+14
🇦🇷 Lithuanians · Argentina
1119
+20
vs
🇹🇷 Huns · Türkiye
1242
-17
🇹🇷 Romans · Türkiye
1228
-16
🇹🇷 Bohemians · Türkiye
1175
-14
M.S.
1:55 Loom
11:36 Feudal Age
14:56 Double-Bit Axe
18:01 Castle Age
16:33 Horse Collar
19:06 Wheelbarrow
21:49 Heavy Plow
22:06 Bow Saw
32:03 Imperial Age
29:11 Pikeman
29:52 Squires
29:38 Arson
30:40 Forging
30:30 Scale Mail Armor
32:32 Hand Cart
33:38 Iron Casting
Geosim
2:08 Loom
2:23 Loom
12:01 Feudal Age
13:08 Double-Bit Axe
16:47 Castle Age
15:28 Horse Collar
16:44 Gold Mining
17:54 Bow Saw
18:23 Heavy Plow
19:43 Bloodlines
19:39 Husbandry
21:28 Stone Mining
22:40 Forging
23:10 Bloodlines
23:30 Scale Barding Armor
25:04 Wheelbarrow
25:34 Chain Barding Armor
27:45 Iron Casting
27:05 Light Cavalry
simirfan
0:26 Loom
12:15 Feudal Age
14:08 Scale Mail Armor
13:59 Man-at-Arms
19:53 Horse Collar
22:37 Forging
25:36 Castle Age
24:02 Padded Archer Armor
24:32 Fletching
26:18 Scale Barding Armor
26:30 Elite Skirmisher
27:33 Pikeman
28:13 Squires
WEES
9:59 Loom
11:45 Feudal Age
12:39 Double-Bit Axe
14:37 Horse Collar
19:17 Castle Age
20:51 Elite Skirmisher
21:37 Thumb Ring
21:24 Fletching
21:35 Padded Archer Armor
22:33 Pikeman
23:13 Squires
24:21 Wheelbarrow
26:35 Bow Saw
27:41 Arson
28:18 Stone Mining
28:19 Gold Mining
33:10 Imperial Age
32:14 Bodkin Arrow
33:27 Leather Archer Armor
navy15
3:47 Double-Bit Axe
6:36 Loom
9:35 Feudal Age
8:50 Horse Collar
10:26 Heavy Plow
10:51 Heavy Plow
17:37 Gold Mining
20:56 Castle Age
19:36 Gold Shaft Mining
21:05 Wheelbarrow
20:44 Forging
20:39 Scale Barding Armor
22:56 Crop Rotation
24:47 Chain Barding Armor
25:08 Iron Casting
26:27 Cavalier
27:08 Husbandry
RorrO Señor Feudal
11:03 Feudal Age
12:43 Double-Bit Axe
12:38 Horse Collar
15:31 Castle Age
13:52 Fletching
16:30 Bow Saw
16:35 Bodkin Arrow
18:37 Gold Mining
20:25 Town Watch
21:47 Ballistics
23:35 Husbandry
23:45 Bloodlines
24:27 Wheelbarrow
25:53 Thumb Ring
26:38 Padded Archer Armor
27:03 Loom
27:03 Town Watch
28:38 Leather Archer Armor
29:43 Heavy Plow
32:00 Hand Cart
32:21 Gold Shaft Mining
Connection lost

Rejoining the realm…

Still unreachable

The connection could not be restored.

Session expired

The server has moved on; the page needs a fresh start.